 Dungeon Crawl Stone Soup version 0.28-b1-25-g9875b3fc8c (webtiles) character file.

Game seed: 4932572693793237463

3907 LLlMATKO the Cleaver (level 10, -4/135 HPs)
             Began as a Minotaur Berserker on Feb 2, 2022.
             Was a High Priest of Trog.
             Slain by a cyan ugly thing (14 damage)
             ... on level 7 of the Dungeon.
             The game lasted 00:08:44 (7858 turns).

LLlMATKO the Cleaver (Minotaur Berserker)           Turns: 7858, Time: 00:08:46

Health: -4/135     AC: 10    Str: 25    XL:     10   Next: 0%
Magic:  9/9        EV: 12    Int:  5    God:    Trog [*****.]
Gold:   146        SH:  6    Dex: 19    Spells: 9/9 levels left

rFire   + . .      SeeInvis .   D - +0 war axe (vorpal)
rCold   . . .      Faith    .   t - +0 buckler
rNeg    . . .      Spirit   .   g - +0 plate armour
rPois   .          Reflect  .   (helmet restricted)
rElec   .          Harm     .   (no cloak)
rCorr   .          Rampage  .   (no gloves)
Will    .....                   (no boots)
Stlth   ..........              (no amulet)
HPRegen 0.32/turn               k - +6 ring of dexterity
MPRegen 0.11/turn               w - ring of the Octopus King {rF+ AC+1 EV+1 Str+1 Int+1 Dex+1}

@: berserking, corroded, very quick
A: horns 2, retaliatory headbutt
a: Renounce Religion, Berserk, Trog's Hand, Brothers in Arms


You were on level 7 of the Dungeon.
You worshipped Trog.
Trog was extremely pleased with you.
You visited 1 branch of the dungeon, and saw 7 of its levels.
You also visited: Ossuary.

You collected 367 gold pieces.
You spent 221 gold pieces at shops.

Inventory:

Hand Weapons
 D - a +0 vorpal war axe (weapon)
 E - a +0 war axe of flaming
Missiles
 i - 56 bolts
 p - 2 throwing nets
 q - 4 curare-tipped darts (quivered)
 y - 2 boomerangs
 G - 2 javelins
 H - 2 poisoned darts
Armour
 g - a +0 plate armour (worn)
 t - a +0 buckler (worn)
Jewellery
 k - a +6 ring of dexterity (left hand)
 w - a ring of the Octopus King (right hand) {rF+ AC+1 EV+1 Str+1 Int+1 Dex+1}
   (You bought it in a shop on level 4 of the Dungeon)

   [ring of protection from fire]

   AC:        It affects your AC (+1).
   EV:        It affects your evasion (+1).
   Str:       It affects your strength (+1).
   Int:       It affects your intelligence (+1).
   Dex:       It affects your dexterity (+1).
   rF:        It protects you from fire.
 x - a ring of fire
 A - a ring of positive energy
 C - a ring of protection from fire
Scrolls
 a - a scroll of silence {unknown}
 b - 4 scrolls of teleportation
 d - 8 scrolls of identify
 h - a scroll of fog
 j - a scroll of vulnerability {unknown}
 l - a scroll of amnesia {unknown}
 m - 3 scrolls of enchant weapon {unknown}
 r - 2 scrolls of fear {unknown}
 v - a scroll of immolation {unknown}
 F - a scroll of enchant armour {unknown}
Potions
 c - 10 potions of curing
 e - 2 potions of might {unknown}
 f - 3 potions of haste {unknown}
 n - 5 potions of mutation {unknown}
 o - a potion of lignification {unknown}
 s - a potion of brilliance {unknown}
 u - a potion of heal wounds {unknown}
 z - a potion of ambrosia {unknown}
 B - a potion of degeneration {unknown}


   Skills:
 + Level 8.8 Fighting
 + Level 8.8 Axes
 + Level 8.2 Armour
 + Level 7.6 Dodging
 + Level 6.5 Shields


You had 9 spell levels left.
You didn't know any spells.
Your spell library was empty.

Dungeon Overview and Level Annotations

Branches:
Dungeon (7/15)             Temple (0/1) D:5         Ossuary (visited)

Altars:
Zin
The Shining One

Shops:
D:4 *   D:6 (

Annotations:
D:7 3 runed translucent doors


Innate Abilities, Weirdness & Mutations

You have a pair of horns on your head.
You reflexively headbutt those who attack you in melee.


Message History

The splash of acid hits you. The acid corrodes you!
You hear a shout!
You slash the acid dragon!
You kill the acid dragon!
Trog accepts your kill.
The acid dragon scales are intact enough to wear.
The slime creature jiggles.
You slash the two-headed ogre!
The two-headed ogre is moderately wounded.
You block the two-headed ogre's attack.
The two-headed ogre hits you with a +0 dire flail.
You slash the two-headed ogre!
The two-headed ogre is moderately wounded.
The two-headed ogre hits you with a +0 giant spiked club!
The two-headed ogre hits you with a +0 dire flail!
The bullfrog releases a deep croak.
You slash the two-headed ogre! You headbutt the two-headed ogre!
The two-headed ogre is severely wounded.
The two-headed ogre completely misses you.
The two-headed ogre hits you with a +0 dire flail!
A red film seems to cover your vision as you go berserk!
You feel yourself moving faster!
You feel mighty!
The two-headed ogre hits you with a +0 giant spiked club!!
* * * LOW HITPOINT WARNING * * *
The two-headed ogre barely misses you.
You slash the two-headed ogre!
You kill the two-headed ogre!
Trog accepts your kill.
Your Armour skill increases to level 8!
You have reached level 10!
You slice the cyan ugly thing!!
The cyan ugly thing is heavily wounded.
The bullfrog snags a nearby mouse with its tongue.
You hit the cyan ugly thing.
Your headbutt misses the cyan ugly thing.
The cyan ugly thing is heavily wounded.
The cyan ugly thing stings you!
* * * LOW HITPOINT WARNING * * *
The cyan ugly thing shocks you!
You die...

# ### ####g #######..g
##'.WD}O.##
##u######.)[
#.#@#######|
#####+##..######
##lYJV##....####
..$+ZcnO##.#....###
####ZFg{##...#....###
+# #####+##.#...#....#
#..######.##...#....###
#..#####.#.#....### #.
#....####)†)..###


You could see a cyan ugly thing, a slime creature, a two-headed ogre, a vampire,
a wyvern, a sky beast, a necrophage, a bullfrog, a centaur, a gnoll shaman and 2
wyvern skeletons.

Vanquished Creatures
  A two-headed ogre (D:7)
  Grinder (D:3)
  A wraith (D:7)
  A vampire mosquito (D:7)
  An acid dragon (D:7)
  An orc warrior (D:4)
  2 sky beasts
  An ogre (D:5)
  A centaur (D:5)
  A phantom (D:6)
  2 kobold brigands
  3 wyvern zombies (Ossuary)
  3 bullfrogs
  A scorpion (D:6)
  A water moccasin zombie (Ossuary)
  A howler monkey (D:4)
  8 centaur zombies
  4 bullfrog zombies (Ossuary)
  A bullfrog skeleton (D:6)
  4 orc priests
  5 hounds
  2 iguanas
  A jelly (D:7)
  13 mummies (Ossuary)
  A scorpion zombie (D:5)
  5 orc wizards
  3 killer bee zombies (Ossuary)
  3 howler monkey zombies (Ossuary)
  6 gnolls
  A howler monkey skeleton (D:6)
  6 adders
  A shadow imp (D:6)
  A white imp (D:7)
  An ufetubus (D:6)
  An adder skeleton (D:5)
  A worm (D:3)
  4 dart slugs
  39 orcs
  4 bats
  4 endoplasms
  4 giant cockroaches
  8 goblins
  6 hobgoblins
  4 jackals (D:1)
  25 kobolds
  4 quokkas
  3 frilled lizards
  A quokka skeleton (D:4)
  7 rats
203 creatures vanquished.

Vanquished Creatures (others)
  61 plants (D:6)
  7 withered plants (Ossuary)
68 creatures vanquished.

Grand Total: 271 creatures vanquished

Notes
Turn   | Place    | Note
-------+----------+-------------------------------------------
     0 | D:1      | LLlMATKO the Minotaur Berserker began the quest for the
                  | Orb.
     0 | D:1      | Reached XP level 1. HP: 19/19 MP: 0/0
   306 | D:1      | Reached XP level 2. HP: 22/27 MP: 1/1
   845 | D:1      | Reached XP level 3. HP: 27/33 MP: 2/2
  1596 | D:2      | Reached ** piety under Trog
  1837 | D:2      | Found a faded altar of an unknown god.
  2110 | D:2      | Found a glowing golden altar of the Shining One.
  2222 | D:3      | Noticed Grinder
  2229 | D:3      | Killed Grinder
  2230 | D:3      | Reached skill level 5 in Fighting
  2230 | D:3      | Reached skill level 5 in Axes
  2230 | D:3      | Reached XP level 4. HP: 35/42 MP: 3/3
  2230 | D:3      | Reached XP level 5. HP: 40/48 MP: 4/4
  2476 | D:3      | Reached XP level 6. HP: 37/56 MP: 5/5
  2970 | D:3      | You fall into a shaft and drop 3 floors!
  3074 | D:6      | Noticed a sky beast
  3082 | D:6      | Killed a sky beast
  3121 | D:5      | Entered Level 5 of the Dungeon
  3236 | D:4      | Reached XP level 7. HP: 58/62 MP: 6/6
  3261 | D:4      | Found a sand-covered staircase.
  3267 | Ossuary  | Entered an ossuary
  3287 | Ossuary  | Reached skill level 1 in Shields
  3314 | Ossuary  | Reached skill level 5 in Armour
  3400 | Ossuary  | Reached *** piety under Trog
  3463 | Ossuary  | Reached skill level 5 in Dodging
  3649 | Ossuary  | Reached XP level 8. HP: 28/71 MP: 7/7
  4461 | D:4      | Found Qorinot's Assorted Antiques.
  4469 | D:4      | Bought a ring of the Octopus King for 130 gold pieces
  4469 | D:4      | Found the ring of the Octopus King {rF+ AC+1 EV+1 Str+1
                  | Int+1 Dex+1}
  4469 | D:4      | Found the ring of the Octopus King {rF+ AC+1 EV+1 Str+1
                  | Int+1 Dex+1}
  5373 | D:4      | Found a glowing silver altar of Zin.
  5526 | D:5      | Found a staircase to the Ecumenical Temple.
  5731 | D:5      | Reached **** piety under Trog
  5922 | D:5      | Reached XP level 9. HP: 78/79 MP: 8/8
  6441 | D:6      | Reached skill level 5 in Shields
  6805 | D:6      | Reached ***** piety under Trog
  7134 | D:6      | Found Uruqyl's Hydra Hut.
  7135 | D:6      | Noticed a six-headed hydra
  7143 | D:6      | Bought a +0 war axe of flaming for 91 gold pieces
  7785 | D:7      | Found a runed translucent door.
  7785 | D:7      | Found a runed translucent door.
  7787 | D:7      | Noticed a two-headed ogre
  7832 | D:7      | Found a runed translucent door.
  7837 | D:7      | Noticed a two-headed ogre
  7838 | D:7      | Noticed a cyan ugly thing
  7847 | D:7      | Received a gift from Trog
  7856 | D:7      | Killed a two-headed ogre
  7857 | D:7      | Reached XP level 10. HP: 20/90 MP: 9/9
  7858 | D:7      | Slain by a cyan ugly thing

Illustrated notes

Levels and vault maps discovered:
D:1:      dpeg_arrival_round_a, layout_basic, hangedman_decor_lopped
D:2:      layout_loops_ring, hellmonk_ecumenical_altar_leap_of_faith,
          basic_altar
D:3:      layout_loops_ring, guppyfry_early_lair_pool, uniq_grinder
D:4:      layout_loops_cross, zin_statuary, serial_shops, shop_statue,
          enter_ossuary_1
D:5:      layout_basic, minmay_temple_entry_junction, solitary_fountain,
          minmay_misc_feat_secret_circle, chequers_decorated_corner,
          eino_tiny_chamber
D:6:      kennysheep_kobold_camp, layout_cave_pods, doesnt_shop_hydraphobe
D:7:      minmay_the_grid_triangle_9x9_rhombus_thin
          [minmay_the_grid_triangle_9x9_negative_grid,
          minmay_the_grid_triangle_9x9_prize_insulated,
          minmay_the_grid_triangle_9x9_semitri,
          minmay_the_grid_triangle_9x9_fully_insulated_deathbox], layout_rooms

Skill      XL: |  1  2  3  4  5  6  7  8  9 |
---------------+----------------------------+-----
Fighting       | 4 5 6 7 8 |  8.8
Axes           | 4 5 6 7 8 |  8.8
Armour         | 4 5 6 8 |  8.2
Dodging        | 3 4 5 6 7 |  7.6
Shields        | 2 4 6 |  6.5

Action                   |  1- 3 |  4- 6 |  7- 9 | 10-12 || total
-------------------------+-------+-------+-------+-------++-------
Melee: Hand axe          |    88 |    60 |   203 |       ||   351
       Headbutt          |    13 |    13 |   130 |       ||   156
       Punch             |       |     1 |       |       ||     1
       War axe           |       |       |   284 |     2 ||   286
Throw: Stone             |    10 |       |       |       ||    10
       Dart              |       |     8 |     4 |       ||    12
       Throwing net      |       |     1 |     1 |       ||     2
Invok: Berserk           |     1 |     1 |     5 |       ||     7
       Trog's Hand       |       |       |     1 |       ||     1
  Use: Scroll            |       |     5 |       |       ||     5
 Stab: Sleeping          |     2 |     1 |       |       ||     3
       Distracted        |       |     1 |       |       ||     1
Armor: Animal skin       |    12 |     1 |       |       ||    13
       Plate armour      |       |    21 |   219 |       ||   240
Dodge: Dodged            |    46 |    21 |   144 |       ||   211
Block: Buckler           |       |       |    86 |       ||    86
